 Dungeon Sprint DCSS version 0.30-a0-1160-g6e42c06551 (webtiles) character file.

Game seed: 5500956570736172674

54635 sircluck the Axe Maniac (level 14, -8/168 HPs)
             Began as a Hill Orc Berserker on Apr 25, 2023.
             Was the Champion of Trog.
             Killed by divine providence
             ... invoked by a balrug
             ... summoned by a deep elf demonologist
              (9 damage)
             ... in the Dungeon (Sprint VII: "The Pits").
             The game lasted 00:21:40 (5579 turns).

sircluck the Axe Maniac (Hill Orc Berserker)        Turns: 5579, Time: 00:21:40

Health: -8/168     AC: 40    Str: 25    XL:     14   Next: 73%
Magic:  14/14      EV: 13    Int:  5    God:    Trog [******]
Gold:   27         SH:  0    Dex: 15    Spells: 13/13 levels left

rFire   . . .        I - +11 battleaxe of Revolt {flame, Int-2 Dex+2 SInv}
rCold   . . .        (shield currently unavailable)
rNeg    . . .        R - +3 shadow dragon scales
rPois   .            (no helmet)
rElec   .            M - +2 cloak {rCorr}
rCorr   +            S - +1 pair of gloves
SInv    +            P - +1 pair of boots
Will    +....        (no amulet)
Stlth   ++++         o - +3 ring of protection
HPRegen 0.48/turn    p - +3 ring of dexterity
MPRegen 0.14/turn

%: no teleportation
@: lethally poisoned (-8 -> -37), on berserk cooldown, hasted and slowed
A: no striking features
a: Renounce Religion, Berserk, Trog's Hand, Brothers in Arms


You were in the Dungeon.
You worshipped Trog.
Trog was exalted by your worship.
You visited 1 branch You collected 27 gold pieces.

Inventory:

Hand Weapons
 a - a +0 hand axe
 l - a +0 heavy hand axe
 v - a +3 heavy executioner's axe
 w - a +3 battleaxe
 I - the +11 battleaxe of Revolt (weapon) {flame, Int-2 Dex+2 SInv}
   (Trog gifted it to you in the Dungeon)

   Int:       It affects your intelligence (-2).
   Dex:       It affects your dexterity (+2).
   SInv:      It lets you see invisible.
Missiles
 k - 16 stones (quivered)
 s - 5 javelins
 t - a curare-tipped dart
 u - a throwing net
Armour
 M - a +2 cloak of preservation (worn)
 O - a +5 plate armour
 P - a +1 pair of boots (worn)
 Q - a +1 tower shield
 R - +3 shadow dragon scales (worn)
 S - a +1 pair of gloves (worn)
Jewellery
 o - a +3 ring of protection (left hand)
 p - a +3 ring of dexterity (right hand)
 C - a ring of see invisible
 F - a ring of protection from fire
 K - a +5 ring of evasion
Wands
 E - a wand of polymorph (12)
 J - a wand of flame (4)
 L - a wand of digging (5)
Scrolls
 j - a scroll of butterflies
 x - 4 scrolls of enchant weapon
 z - 5 scrolls of identify
 A - a scroll of fear
 B - a scroll of acquirement
Potions
 c - 10 potions of curing
 d - 4 potions of heal wounds
 e - 3 potions of haste
 f - 4 potions of magic
 g - 4 potions of berserk rage
 i - 2 potions of invisibility
 D - 2 potions of cancellation


   Skills:
 O Level 27 Fighting
 O Level 27 Axes
 + Level 1.8 Throwing
 + Level 25.7 Armour
 + Level 7.0 Dodging
 + Level 4.0 Stealth


You had 13 spell levels left.
You didn't know any spells.
Your spell library was empty.

Dungeon Overview and Level Annotations

Branches:
Dungeon (1/1)

Altars:
Ashenzari
Cheibriados
Dithmenos
Elyvilon
Fedhas
Gozag
Hepliaklqana
Kikubaaqudgha
Makhleb
Nemelex Xobeh
Okawaru
Qazlal
Ru
Sif Muna
Trog
Uskayaw
Vehumet
Wu Jian
Xom
Yredelemnul
Zin
The Shining One
Beogh
Jiyva
Lugonu


Message History

a +0 cloak; a +0 rapier A balrug opens the large door.
You feel much better. The balrug gestures at you. Something smites you!
As you read the scroll of fog, it crumbles to dust.
The scroll dissolves into smoke.
The balrug hits you but does no damage.
You are poisoned.
The orange demon stings you but does no damage.
The balrug hits you with a +0 demon whip of venom.
You are engulfed in flames!
The orange demon stings you but does no damage.
You feel very sick. The balrug gestures at you.
The fireball explodes!
The fireball engulfs you but does no damage.
You hear a roar!
You feel much better.
You feel sick. The balrug hits you but does no damage.
You are more poisoned.
The orange demon stings you but does no damage.
The balrug hits you with a +0 demon whip of venom!
You are engulfed in flames!!
* * * LOW HITPOINT WARNING * * *
You are more poisoned.
The orange demon barely misses you.
You feel yourself speed up.
You feel extremely sick.
The orange demon disappears in a puff of smoke!
The deep elf demonologist barely misses you.
The balrug hits you with a +0 demon whip of venom!
* * * LOW HITPOINT WARNING * * *
You are engulfed in flames!
* * * LOW HITPOINT WARNING * * *
You are more poisoned.
The orange demon stings you but does no damage.
The deep elf demonologist hits you with a +0 long sword!
* * * LOW HITPOINT WARNING * * *
The balrug gestures at you. Something smites you!
You die...

.+ .+ '#
)###############################+
.)...))))))......42.44...........
))).))))))))...§§§...e2..........
.##############4§##############).
.#))#))#))))#.§e22§#[[[[#[[#[[#..
)#))#))##''##.§§@§§##''##.[#[[#).
.#.....#....#..§§.§#....#.....#).
.#..####....###§§###....####..#).
.#..'......................'..#e.
)#..####..............))####..#).
)#.....#..####....####..#.....#..
.#))#))#..#..#....#..#..#.[#..#))
.#))#))#..'..##..##..'..#.[#[[#.°
###############################'°


You could see a balrug (summoned), a deep elf demonologist, an orange demon
(summoned) and a hellion (summoned).

Vanquished Creatures
  A lich (D)
  Ilsuiw (D)
  A frost giant (D)
  A fire giant (D)
  2 draconian annihilators (D)
  3 orc warlords (D)
  An apis (D)
  A vampire knight (D)
  A purple draconian (D)
  2 deep elf annihilators (D)
  A minotaur (D)
  A merfolk impaler (D)
  A deep elf high priest (D)
  A yaktaur captain (D)
  An ogre mage (D)
  3 vault guards (D)
  A two-headed ogre (D)
  A vampire mage (D)
  A naga warrior (D)
  3 hell hogs (D)
  An orc high priest (D)
  A sun demon (D)
  A deep elf knight (D)
  A soul eater (D)
  An iron troll (D)
  2 flayed ghosts (D)
  A swamp dragon (D)
  A spriggan druid (D)
  2 deep trolls (D)
  A necromancer (D)
  2 lindwurms (D)
  7 orc knights (D)
  An ugly thing (D)
  A manticore (D)
  2 cyclopes (D)
  3 naga magi (D)
  An eye of devastation (D)
  A molten gargoyle (D)
  An unseen horror (D)
  A cane toad (D)
  3 kobold demonologists (D)
  An efreet (D)
  A rime drake (D)
  2 freezing wraiths (D)
  A merfolk (D)
  A troll (D)
  A red devil (D)
  2 hellwings (D)
  A polar bear (D)
  A large abomination (D)
  2 flying skulls (D)
  A spriggan (D)
  A jumping spider (D)
  A ynoxinul (D)
  2 fire elementals (D)
  2 yaks (D)
  A small abomination (D)
  2 wraiths (D)
  3 basilisks (D)
  A redback (D)
  2 wargs (D)
  Edmund (D)
  A water moccasin (D)
  A floating eye (D)
  An ice beast (shapeshifter) (D)
  6 orc warriors (D)
  A black bear (D)
  3 ogres (D)
  A phantom (D)
  A bullfrog (D)
  2 kobold brigands (D)
  2 earth elementals (D)
  5 killer bees (D)
  A quasit (D)
  2 gnoll boudas (D)
  2 orc priests (D)
  A hound (D)
  Jessica (D)
  8 gnolls (D)
  2 adders (D)
  A white imp (D)
  An adder zombie (D)
  An adder skeleton (D)
  14 orcs (D)
  2 endoplasms (D)
  A giant cockroach (D)
  3 hobgoblins (D)
  2 jackals (D)
  3 frilled lizards (D)
  5 kobolds (D)
  2 quokka skeletons (D)
  A rat (D)
170 creatures vanquished.

Vanquished Creatures (collateral kills)
  Polyphemus (D)
  2 white draconians (D)
  A yellow draconian (D)
  A deep elf death mage (D)
  A deep elf high priest (D)
  A yaktaur captain (D)
  A vault guard (D)
  2 ogre magi (D)
  A centaur warrior (D)
  A deep troll earth mage (D)
  A deep troll shaman (D)
  A hell hog (D)
  A death yak (D)
  A wizard (D)
  A lindwurm (D)
  3 orc knights (D)
  A deep elf pyromancer (D)
  A cyclops (D)
  A merfolk siren (D)
  3 yaks (D)
  An orc warrior (D)
  A scorpion (D)
  2 orc priests (D)
  A mummy (D)
  2 gnolls (D)
  A frilled lizard (D)
34 creatures vanquished.

Vanquished Creatures (others)
  A shadow (D)
  An adder zombie (D)
2 creatures vanquished.

Grand Total: 206 creatures vanquished

Notes
Turn   | Place    | Note
-------+----------+-------------------------------------------
     0 | D        | sircluck the Hill Orc Berserker began the quest for the
                  | Orb.
     0 | D        | Reached XP level 1. HP: 19/19 MP: 1/1
    39 | D        | Found a bloodstained altar of Trog.
    39 | D        | Found a shimmering blue altar of Sif Muna.
    39 | D        | Found a viscous altar of Jiyva.
    39 | D        | Found a hazy altar of Hepliaklqana.
    39 | D        | Found an opulent altar of Gozag.
    40 | D        | Found a glowing golden altar of the Shining One.
    40 | D        | Found a glowing silver altar of Zin.
    40 | D        | Found a basalt altar of Yredelemnul.
    40 | D        | Found a shimmering altar of Xom.
    40 | D        | Found an ornate altar of the Wu Jian Council.
    40 | D        | Found a sacrificial altar of Ru.
    40 | D        | Found a stormy altar of Qazlal.
    40 | D        | Found an iron altar of Okawaru.
    40 | D        | Found a sparkling altar of Nemelex Xobeh.
    40 | D        | Found a burning altar of Makhleb.
    40 | D        | Found a blossoming altar of Fedhas.
    40 | D        | Found a white marble altar of Elyvilon.
    40 | D        | Found a shadowy altar of Dithmenos.
    40 | D        | Found a snail-covered altar of Cheibriados.
    42 | D        | Found a radiant altar of Vehumet.
    42 | D        | Found a corrupted altar of Lugonu.
    42 | D        | Found a roughly hewn altar of Beogh.
    43 | D        | Found a hide-covered altar of Uskayaw.
    43 | D        | Found an ancient bone altar of Kikubaaqudgha.
    43 | D        | Found a broken altar of Ashenzari.
    76 | D        | Reached ** piety under Trog
    77 | D        | Reached skill level 5 in Axes
    77 | D        | Reached XP level 2. HP: 13/28 MP: 2/2
   163 | D        | Reached skill level 5 in Fighting
   165 | D        | Noticed a floating eye
   166 | D        | Noticed an ogre
   186 | D        | Killed an ogre
   186 | D        | Reached *** piety under Trog
   187 | D        | Reached XP level 3. HP: 12/39 MP: 3/3
   187 | D        | Reached XP level 4. HP: 15/47 MP: 4/4
   323 | D        | Killed a floating eye
   324 | D        | Reached XP level 5. HP: 52/57 MP: 5/5
   404 | D        | Noticed Jessica
   407 | D        | Noticed a water moccasin
   415 | D        | Killed a water moccasin
   416 | D        | Reached XP level 6. HP: 66/66 MP: 6/6
   416 | D        | Reached **** piety under Trog
   428 | D        | Reached skill level 10 in Fighting
   433 | D        | Reached ***** piety under Trog
   437 | D        | Killed Jessica
   438 | D        | Reached skill level 5 in Armour
   438 | D        | Reached XP level 7. HP: 67/73 MP: 7/7
   462 | D        | Noticed a red devil
   469 | D        | Killed a red devil
   477 | D        | Received a gift from Trog
   485 | D        | Reached skill level 15 in Axes
   609 | D        | Noticed a hellwing
   613 | D        | Reached XP level 8. HP: 84/84 MP: 8/8
   614 | D        | Killed a hellwing
   615 | D        | Reached skill level 1 in Throwing
   616 | D        | Identified the +5 great sword of Zuec {flame, Dex+3} (Trog
                  | gifted it to you in the Dungeon)
   616 | D        | Received a gift from Trog
   813 | D        | Noticed Edmund
   813 | D        | Noticed a yak
   813 | D        | Noticed a yak
   813 | D        | Noticed a yak
   813 | D        | Noticed a yak
   813 | D        | Noticed a yak
   818 | D        | Killed a yak
   820 | D        | Killed a yak
   822 | D        | Killed a yak
   822 | D        | Killed Edmund
   823 | D        | Reached XP level 9. HP: 95/95 MP: 9/9
   968 | D        | Noticed a kobold demonologist
   968 | D        | Noticed a kobold demonologist
   968 | D        | Noticed a kobold demonologist
   968 | D        | Noticed a cyclops
   970 | D        | Noticed a red devil
   970 | D        | Killed an unseen horror
   977 | D        | Killed a kobold demonologist
   978 | D        | Reached skill level 5 in Dodging
   980 | D        | Received a gift from Trog
   983 | D        | Killed a kobold demonologist
   984 | D        | Reached skill level 15 in Fighting
   985 | D        | Killed a kobold demonologist
   985 | D        | Received a gift from Trog
   987 | D        | Killed a cyclops
   988 | D        | Reached XP level 10. HP: 107/107 MP: 10/10
  1025 | D        | Reached ****** piety under Trog
  1101 | D        | Noticed a molten gargoyle
  1108 | D        | Killed a molten gargoyle
  1208 | D        | Noticed a sun demon
  1211 | D        | Received a gift from Trog
  1213 | D        | Killed a sun demon
  1266 | D        | Received a gift from Trog
  1288 | D        | Noticed a vampire knight
  1288 | D        | Noticed a deep elf pyromancer
  1289 | D        | Noticed a cyclops
  1295 | D        | Killed a deep elf pyromancer
  1296 | D        | Reached skill level 10 in Armour
  1301 | D        | Killed a vampire knight
  1302 | D        | Reached XP level 11. HP: 92/117 MP: 11/11
  1322 | D        | Killed a cyclops
  1534 | D        | Noticed a cyclops
  1534 | D        | Noticed a death yak
  1534 | D        | Noticed a deep troll
  1538 | D        | Noticed a centaur warrior
  1541 | D        | Killed a death yak
  1545 | D        | Killed a centaur warrior
  1545 | D        | Received a gift from Trog
  1547 | D        | Killed a cyclops
  1568 | D        | Received a gift from Trog
  1569 | D        | Killed a deep troll
  1866 | D        | Got the +4 ring mail of Useabilyl {*Slow rElec rF+ Slay+2}
  1951 | D        | Identified the +11 battleaxe of Revolt {flame, Int-2 Dex+2
                  | SInv} (Trog gifted it to you in the Dungeon)
  1951 | D        | Received a gift from Trog
  2043 | D        | Noticed a swamp dragon
  2063 | D        | Killed a swamp dragon
  2183 | D        | Noticed an orc warlord
  2206 | D        | Received a gift from Trog
  2219 | D        | Killed an orc warlord
  2222 | D        | Received a gift from Trog
  2229 | D        | Noticed a lindwurm
  2413 | D        | Killed a lindwurm
  2414 | D        | Reached XP level 12. HP: 105/130 MP: 12/12
  2448 | D        | Noticed an orc high priest
  2449 | D        | Noticed a soul eater
  2457 | D        | Killed an orc high priest
  2473 | D        | Noticed Polyphemus
  2474 | D        | Received a gift from Trog
  2486 | D        | Killed Polyphemus
  2532 | D        | Noticed a two-headed ogre
  2688 | D        | Killed a two-headed ogre
  2689 | D        | Reached skill level 15 in Armour
  2900 | D        | Noticed a purple draconian
  2906 | D        | Noticed a frost giant
  2908 | D        | Killed a purple draconian
  2909 | D        | Reached skill level 1 in Stealth
  2916 | D        | Killed a frost giant
  2916 | D        | Received a gift from Trog
  2969 | D        | Noticed a deep elf annihilator
  2978 | D        | Killed a deep elf annihilator
  2979 | D        | Reached skill level 27 in Axes
  3097 | D        | Received a gift from Trog
  3284 | D        | Received a gift from Trog
  3317 | D        | Noticed a vampire mage
  3325 | D        | Killed a vampire mage
  3412 | D        | Noticed a hell hog
  3412 | D        | Noticed a hell hog
  3412 | D        | Noticed a hell hog
  3412 | D        | Noticed a hell hog
  3412 | D        | Noticed Ilsuiw
  3412 | D        | Noticed a merfolk impaler
  3417 | D        | Killed Ilsuiw
  3417 | D        | Received a gift from Trog
  3418 | D        | Reached XP level 13. HP: 120/146 MP: 13/13
  3427 | D        | Killed a merfolk impaler
  3431 | D        | Received a gift from Trog
  3666 | D        | Noticed a minotaur
  3674 | D        | Killed a minotaur
  3976 | D        | Received a gift from Trog
  4019 | D        | Noticed an orc warlord
  4020 | D        | Noticed an orc warlord
  4052 | D        | Killed an orc warlord
  4075 | D        | Noticed a yaktaur captain
  4085 | D        | Killed a yaktaur captain
  4119 | D        | Noticed a yaktaur captain
  4125 | D        | Noticed a vault guard
  4129 | D        | Noticed a fire giant
  4136 | D        | Killed a yaktaur captain
  4139 | D        | Killed a vault guard
  4161 | D        | Killed a fire giant
  4169 | D        | Killed an orc warlord
  4256 | D        | Noticed a vault guard
  4258 | D        | Noticed a vault guard
  4264 | D        | Killed a vault guard
  4267 | D        | Killed a vault guard
  4268 | D        | Reached XP level 14. HP: 147/166 MP: 14/14
  4336 | D        | Noticed an apis
  4343 | D        | Reached skill level 27 in Fighting
  4352 | D        | Killed an apis
  4829 | D        | Noticed a black draconian
  4829 | D        | Noticed a deep elf annihilator
  4843 | D        | Killed a deep elf annihilator
  4846 | D        | Received a gift from Trog
  4968 | D        | Noticed a yellow draconian
  4979 | D        | Killed a yellow draconian
  4979 | D        | Received a gift from Trog
  4985 | D        | Noticed a white draconian
  4985 | D        | Noticed a yellow draconian annihilator
  4995 | D        | Received a gift from Trog
  4996 | D        | Noticed a white draconian
  4997 | D        | Killed a white draconian
  4998 | D        | Killed a white draconian
  5005 | D        | Received a gift from Trog
  5007 | D        | Noticed a lich
  5007 | D        | Noticed a red draconian scorcher
  5014 | D        | Noticed a yellow draconian annihilator
  5016 | D        | Killed a yellow draconian annihilator
  5016 | D        | Received a gift from Trog
  5024 | D        | HP: 8/166 [disintegration (56)]
  5029 | D        | HP: 1/166 [lich/bolt of cold (10)]
  5030 | D        | Killed a lich
  5509 | D        | Noticed a deep elf demonologist
  5570 | D        | Noticed a balrug
  5571 | D        | Killed a yellow draconian annihilator
  5579 | D        | HP: 1/168 [deep elf demonologist/+0 long sword (9)]
  5579 | D        | Killed from afar by a balrug

Illustrated notes

Levels and vault maps discovered:
D:        pitsprint [storerooms_1, entrance_room_1, metal_vault_2, armoury_1,
          mini_pit_1, grid_room_1, main_hall_1, silver_pit, the_coven_3,
          the_vestibule_1, steel_vault_5, golden_pit, hallway_of_sentries,
          crystal_vault_4, iron_vault_3, final_vault]

Skill      XL: |  1  2  3  4  5  6  7  8  9 10 11 12 13 14 |
---------------+-------------------------------------------+-----
Fighting       | 4 7 9 10 12 14 15 17 19 22 26 27 | 27.0
Axes           | 5 9 11 12 13 15 17 20 23 25 27 | 27.0
Dodging        | 2 3 4 5 6 7 |  7.0
Armour         | 3 4 5 6 7 8 10 14 17 20 25 | 25.7
Throwing       | 1 |  1.8
Stealth        | 1 2 4 |  4.0

Action                     |  1- 3 |  4- 6 |  7- 9 | 10-12 | 13-15 || total
---------------------------+-------+-------+-------+-------+-------++-------
  Melee: Hand axe          |    23 |    27 |    18 |    41 |       ||   109
         Battleaxe         |       |       |    30 |   114 |   143 ||   287
         Executioner's axe |       |       |       |    44 |       ||    44
  Throw: Stone             |       |     3 |       |       |       ||     3
 Invoke: Berserk           |     1 |     1 |     4 |     8 |     5 ||    19
         Brothers in Arms  |       |       |     2 |     8 |     9 ||    19
    Use: Potion            |       |       |       |     6 |     8 ||    14
         Scroll            |       |       |       |       |     3 ||     3
   Stab: Distracted        |       |       |       |       |     1 ||     1
 Armour: Animal skin       |     6 |     1 |       |       |       ||     7
         Plate armour      |       |    17 |    21 |   144 |    50 ||   232
         Shadow dragon sca |       |       |       |       |    25 ||    25
  Dodge: Dodged            |    13 |     6 |    11 |   108 |    45 ||   183

Table legend: (Time is in decaauts)
 A = Elapsed time spent in this place.
 B = Non-inter-level travel time spent in this place.
 C = Inter-level travel time spent in this place.
 D = Time resting spent in this place.
 E = Time spent auto-exploring this place.
 F = Levels seen in this place.
 G = Mean time per level.
                   A        B        C        D        E       F      G
               +--------+--------+--------+--------+--------+-----+--------+
         Total |   5672 |   4947 |    725 |   2380 |    124 |   1 | 5672.0 |
       Dungeon |   5672 |   4947 |    725 |   2380 |    124 |   1 | 5672.0 |
               +--------+--------+--------+--------+--------+-----+--------+

Top non-repeatable levels by time:
       D: 5672 daAuts
